 Dungeon Sprint DCSS version 0.17.0-27-g4a3f43e (webtiles) character file.

1679 oplop the Jinx (level 8, -12/43 HPs)
             Began as a Spriggan Enchanter on Nov 21, 2015.
             Was a Follower of Dithmenos.
             Killed by an exploding giant spore (30 damage)
             ... in the Dungeon (Sprint I: "Red Sonja").
             The game lasted 00:02:51 (586 turns).

oplop the Jinx (Spriggan Enchanter)                  Turns: 586, Time: 00:02:51

Health: -12/43     AC:  3    Str:  6    XL:     8   Next: 70%
Magic:  23/23      EV: 28    Int: 18    God:    Dithmenos [*.....]
Gold:   432        SH:  0    Dex: 17    Spells: 5 memorised, 15 levels left

rFire  . . .     SeeInvis +     a - +1 dagger
rCold  . . .     Clarity  .     b - +1 robe
rNeg   . . .     SustAt   .     (shield restricted)
rPois  .         Gourm    .     (helmet restricted)
rElec  .         Spirit   .     (no cloak)
rCorr  .         Warding  .     (gloves unavailable)
rMut   .         NoTele   +     (boots unavailable)
MR     +....                    (no amulet)
Stlth  ++........               (no ring)
                                m - +2 ring of strength

@: confused, wreathed by umbra, very quick, somewhat resistant to hostile
enchantments, unstealthy
A: unfitting armour, see invisible, herbivore 3, speed 3, slow metabolism 2
a: Renounce Religion


You were in the Dungeon.
You worshipped Dithmenos.
Dithmenos was aware of your devotion.
You were not hungry.

You visited 1 branch You collected 522 gold pieces.
You spent 90 gold pieces at shops.

Inventory:

Hand Weapons
 a - a +1 dagger (weapon)
 k - a +0 blowgun
Missiles
 l - 6 curare-tipped needles
Armour
 b - a +1 robe (worn)
Jewellery
 m - a +2 ring of strength (left hand)
Scrolls
 i - a scroll of remove curse {unknown}
 j - 2 scrolls of blinking
Potions
 e - a potion of curing
 f - a potion of heal wounds
 g - a potion of haste
 h - 2 potions of magic
 n - a potion of brilliance {unknown}
Books
 c - a book of Maledictions

   Spells                             Type                      Level
   a - Corona                         Hexes                        1
   b - Ensorcelled Hibernation        Hexes/Ice                    2
   c - Confuse                        Hexes                        3
   d - Tukima's Dance                 Hexes                        3
   e - Dazzling Spray                 Conjuration/Hexes            3
Comestibles
 d - 2 bread rations


   Skills:
 + Level 5.0 Fighting
 - Level 9.2 Short Blades
 + Level 12.0 Dodging
 - Level 9.8 Stealth
 + Level 10.4 Spellcasting
 + Level 12.4 Hexes
 * Level 0.0 Invocations


You had 15 spell levels left.
You knew the following spells:

 Your Spells              Type           Power        Failure   Level  Hunger
a - Corona                Hex            ######.      1%          1    None
b - Ensorcelled Hibernat  Hex/Ice        ####..       1%          2    None
c - Confuse               Hex            ######..     1%          3    None
d - Tukima's Dance        Hex            ######..     1%          3    None
e - Dazzling Spray        Conj/Hex       ####....     1%          3    None


Dungeon Overview and Level Annotations

Branches:
Dungeon (1/1)

Altars:
Cheibriados
Dithmenos
Elyvilon
Fedhas
Gozag
Kikubaaqudgha
Makhleb
Nemelex Xobeh
Okawaru
Qazlal
Ru
Sif Muna
Trog
Vehumet
Xom
Yredelemnul
Zin
The Shining One
Jiyva

Shops:
D }*[


Innate Abilities, Weirdness & Mutations

You are tiny and cannot use many weapons and most armour.
You have supernaturally acute eyesight.
You are a herbivore.
You cover ground extremely quickly.
You need consume almost no food.


Message History

n - a glowing purple potion
There is an open door here.
There is an open door here.
You open the door.
There is an open door here.
Found Emnum's Gadget Boutique.
There is an open door here.
You see here a dagger of distortion.
As you open the door, it creaks loudly!
The giant spore waves its rhizomes.
The giant spore explodes!
The explosion of spores engulfs you!
You are confused.
Ouch! That really hurt!
The explosion of spores engulfs the giant spore.
The giant spore explodes!
The explosion of spores engulfs you!
You are more confused.
Ouch! That really hurt!
You die...

#..#__####..##.#§§
#..#_..__##'#..+§§
#⌠⌠#_.∩...'..._#§≈
####_..._##_.#'##+###
#_____###'#.#.(..###
############.####'###(##
#∩........'...'..†..'[∩#
###++++####.).##########
##@## #'# !$!


$()%$ ####### There were no monsters in sight!

Vanquished Creatures
  Sonja (D)
  A deep troll (D)
  A slime creature (D)
  A yak (D)
  An ogre (D)
  A jelly (D)
  Ijyb (D)
7 creatures vanquished.

Vanquished Creatures (collateral kills)
  Sigmund (D)
1 creature vanquished.

Grand Total: 8 creatures vanquished

Notes
Turn   | Place    | Note
--------------------------------------------------------------
     0 | D        | oplop the Spriggan Enchanter began the quest for the Orb.
     0 | D        | Reached XP level 1. HP: 9/9 MP: 5/5
     1 | D        | Noticed Ijyb
    15 | D        | Killed Ijyb
    15 | D        | Reached skill level 5 in Stealth
    15 | D        | Reached skill level 5 in Hexes
    15 | D        | Reached XP level 2. HP: 7/13 MP: 5/7
   197 | D        | Learned a level 2 spell: Ensorcelled Hibernation
   202 | D        | Noticed an ogre
   204 | D        | Killed an ogre
   204 | D        | Reached skill level 6 in Dodging
   204 | D        | Reached skill level 7 in Stealth
   204 | D        | Reached skill level 5 in Spellcasting
   204 | D        | Reached XP level 3. HP: 16/16 MP: 7/10
   204 | D        | Reached XP level 4. HP: 21/21 MP: 8/12
   209 | D        | Learned a level 3 spell: Confuse
   213 | D        | Learned a level 3 spell: Tukima's Dance
   217 | D        | Learned a level 3 spell: Dazzling Spray
   236 | D        | Noticed Sigmund
   246 | D        | Killed Sigmund
   246 | D        | Reached skill level 5 in Short Blades
   246 | D        | Reached skill level 8 in Stealth
   246 | D        | Reached XP level 5. HP: 21/24 MP: 6/14
   323 | D        | Found a snail-covered altar of Cheibriados.
   323 | D        | Found a viscous altar of Jiyva.
   323 | D        | Found a shadowy altar of Dithmenos.
   323 | D        | Found a blossoming altar of Fedhas.
   323 | D        | Noticed a slime creature
   338 | D        | Killed a slime creature
   338 | D        | Reached skill level 9 in Stealth
   338 | D        | Reached skill level 10 in Hexes
   338 | D        | Reached XP level 6. HP: 16/28 MP: 10/17
   341 | D        | Became a worshipper of Dithmenos the Shadowed
   468 | D        | Found a deep blue altar of Sif Muna.
   468 | D        | Noticed a jelly
   470 | D        | Found a radiant altar of Vehumet.
   474 | D        | Killed a jelly
   494 | D        | Found Xot Woum's General Store.
   494 | D        | Found a white marble altar of Elyvilon.
   494 | D        | Found a stormy altar of Qazlal.
   494 | D        | Found a burning altar of Makhleb.
   494 | D        | Found a sacrificial altar of Ru.
   494 | D        | Found a basalt altar of Yredelemnul.
   494 | D        | Found a glowing golden altar of the Shining One.
   494 | D        | Found a sparkling altar of Nemelex Xobeh.
   494 | D        | Found a shimmering altar of Xom.
   494 | D        | Found an opulent altar of Gozag.
   494 | D        | Found an ancient bone altar of Kikubaaqudgha.
   494 | D        | Found a glowing silver altar of Zin.
   494 | D        | Noticed a yak
   495 | D        | Found an iron altar of Okawaru.
   496 | D        | Killed a yak
   496 | D        | Reached XP level 7. HP: 33/35 MP: 17/19
   497 | D        | Found a bloodstained altar of Trog.
   501 | D        | Bought a scroll of blinking for 90 gold pieces
   515 | D        | Noticed Sonja
   519 | D        | Killed Sonja
   519 | D        | Reached * piety under Dithmenos
   519 | D        | Reached skill level 11 in Dodging
   519 | D        | Reached XP level 8. HP: 39/42 MP: 19/22
   531 | D        | Noticed a deep troll
   535 | D        | Killed a deep troll
   535 | D        | Reached skill level 5 in Fighting
   535 | D        | Reached skill level 12 in Dodging
   535 | D        | Reached skill level 10 in Spellcasting
   545 | D        | Found Voahiaqe's Armour Emporium.
   576 | D        | Found Emnum's Gadget Boutique.
   586 | D        | Killed by an exploding giant spore

Action                   |  1- 3 |  4- 6 |  7- 9 || total
-------------------------+-------+-------+-------++-------
Melee: Dagger            |    12 |    15 |     2 ||    29
 Cast: Confuse           |       |     3 |       ||     3
       Tukima's Dance    |       |     1 |       ||     1
  Use: Potion            |     1 |       |       ||     1
 Stab: Sleeping          |     1 |     3 |     2 ||     6
       Confused          |       |     1 |       ||     1
